 Dungeon Crawl Stone Soup version 0.20.0 (webtiles) character file.

958 Llamajah the Covered (level 8, 0/62 HPs)
             Began as a Formicid Fighter on June 13, 2017.
             Was an Initiate of Okawaru.
             Slain by an orc warrior
             ... wielding a +0 long sword
              (8 damage)
             ... on level 6 of the Dungeon.
             The game lasted 00:16:39 (4829 turns).

Llamajah the Covered (Formicid Fighter)             Turns: 4829, Time: 00:16:40

Health: 0/62       AC: 14    Str: 23    XL:     8   Next: 37%
Magic:  8/8        EV:  6    Int: 13    God:    Okawaru [......]
Gold:   148        SH: 10    Dex: 10    Spells: 7/7 levels left

rFire    . . .     SeeInvis +   v - +3 hand axe
rCold    . . .     Gourm    .   c - +0 shield
rNeg     . . .     Faith    .   b - +0 plate armour
rPois    +         Spirit   .   (helmet unavailable)
rElec    .         Reflect  .   (no cloak)
rCorr    .         Harm     .   (no gloves)
MR       .....                  i - +0 pair of boots (curse)
Stlth    ..........             (no amulet)
Regen    0.2/turn               s - ring of poison resistance
MPRegen  0.2/turn               (no ring)

@: brilliant
A: permanent stasis, dig shafts and tunnels, four strong arms, antennae 3
a: Dig, Shaft Self, Renounce Religion


You were on level 6 of the Dungeon.
You worshipped Okawaru.
Okawaru was noncommittal.
You were hungry.

You visited 2 branches of the dungeon, and saw 7 of its levels.

You collected 148 gold pieces.

Inventory:

Hand Weapons
 a - a +0 war axe
 v - a +3 hand axe (weapon)
Armour
 b - a +0 plate armour (worn)
 c - a +0 shield (worn)
 i - a cursed +0 pair of boots (worn)
Jewellery
 s - a ring of poison resistance (left hand)
Wands
 d - a wand of polymorph (11/24)
 r - a wand of iceblast (9/15)
 u - a wand of scattershot (5/9)
Scrolls
 h - 3 scrolls of remove curse {unknown}
 j - 2 scrolls of recharging {unknown}
 k - 2 scrolls of identify {unknown}
 m - 5 scrolls of teleportation {unknown}
 n - a scroll of magic mapping {unknown}
 q - a scroll of enchant weapon {unknown}
 w - a scroll of enchant armour {unknown}
Potions
 e - a potion of flight {unknown}
 o - a potion of haste {unknown}
 z - a potion of lignification {unknown}
Comestibles
 f - 6 bread rations
 l - 3 meat rations
 p - 7 fruits
 t - a royal jelly


   Skills:
 + Level 5.3 Fighting
 + Level 4.2 Axes
 * Level 6.7 Armour
 + Level 3.1 Dodging
 + Level 5.4 Shields


You had 7 spell levels left.
You didn't know any spells.

Dungeon Overview and Level Annotations

Branches:
Dungeon (6/15)             Temple (1/1) D:5

Altars:
Ashenzari
Dithmenos
Elyvilon
Fedhas
Gozag
Kikubaaqudgha
Nemelex Xobeh
Okawaru
Ru
Sif Muna
Xom
Zin
The Shining One

Annotations:
D:5 2 transporters, Caerwyn's ghost, novice GrHu


Innate Abilities, Weirdness & Mutations

You cannot be hasted, slowed, berserked, paralysed or teleported.
You can dig through walls and to a lower floor.
Your four strong arms can wield two-handed weapons with a shield.
You have a pair of large antennae on your head. (SInv)


Message History

The orc warrior is heavily wounded.
The orc warrior hits you with a long sword.
* * * LOW HITPOINT WARNING * * *
You barely miss the orc warrior.
The orc warrior is heavily wounded.
You block the orc warrior's attack.
You hit the orc warrior.
The orc warrior is severely wounded.
You block the orc warrior's attack.
It was a potion of brilliance.
You feel clever all of a sudden.
The orc warrior hits you with a long sword.
* * * LOW HITPOINT WARNING * * *
You closely miss the orc warrior.
The orc warrior is severely wounded.
The orc warrior hits you but does no damage.
You hit the orc warrior but do no damage.
The orc warrior is severely wounded.
The orc warrior hits you with a long sword!
You die...

......# ...
...$...##...#
.<......##..######
......[..#%.......
....>....#........
.......<....#.....
/........#........
.........o).......
.........†@....=..
..................
...[..............
....#......#######
......###.## .....
... ..# ###


You could see an orc warrior.

Vanquished Creatures
  A sky beast (D:5)
  An ogre (D:5)
  The ghost of MatthieuS the Magician, an amateur DEFE (D:3)
  5 wights (D:3)
  A centaur zombie (D:4)
  A quasit (D:4)
  A bullfrog zombie (D:5)
  A jelly (D:5)
  A hound (D:4)
  Jessica (D:2)
  2 iguanas
  2 orc wizards
  2 worker ants
  5 adders
  A shadow imp (D:4)
  2 oozes
  4 worms
  2 dart slugs
  A leopard gecko (D:6)
  14 orcs
  7 giant cockroaches
  6 goblins
  5 hobgoblins
  10 jackals
  7 kobolds
  A quokka (D:3)
  2 ball pythons
  4 bats
  4 frilled lizards
  A leopard gecko skeleton (D:4)
  10 rats
106 creatures vanquished.

Notes
Turn   | Place    | Note
-------+----------+-------------------------------------------
     0 | D:1      | Llamajah the Formicid Fighter began the quest for the Orb.
     0 | D:1      | Reached XP level 1. HP: 18/18 MP: 1/1
   235 | D:1      | Reached XP level 2. HP: 22/24 MP: 2/2
   632 | D:1      | Reached skill level 1 in Dodging
   792 | D:1      | Reached XP level 3. HP: 28/29 MP: 3/3
  1140 | D:2      | Reached XP level 4. HP: 26/35 MP: 4/4
  1537 | D:2      | Noticed Jessica
  1543 | D:2      | Killed Jessica
  1543 | D:2      | Reached skill level 4 in Armour
  1549 | D:2      | Reached XP level 5. HP: 35/42 MP: 5/5
  2053 | D:3      | Noticed MatthieuS's ghost (amateur DEFE)
  2068 | D:3      | Killed MatthieuS's ghost
  2740 | D:4      | Reached XP level 6. HP: 41/48 MP: 6/6
  2843 | D:4      | Reached skill level 5 in Armour
  3416 | D:4      | Reached XP level 7. HP: 55/55 MP: 7/7
  3488 | D:4      | Found a shimmering altar of Xom.
  3691 | D:3      | Reached skill level 5 in Shields
  3789 | D:5      | Entered Level 5 of the Dungeon
  3819 | D:5      | Noticed Caerwyn's ghost (novice GrHu)
  3899 | D:5      | Reached skill level 6 in Armour
  3959 | D:5      | Noticed a hippogriff
  3962 | D:5      | Found an opulent altar of Gozag.
  3978 | D:5      | Reached skill level 5 in Fighting
  3978 | D:5      | Reached XP level 8. HP: 25/62 MP: 8/8
  4643 | D:5      | Found a staircase to the Ecumenical Temple.
  4652 | Temple   | Entered the Ecumenical Temple
  4664 | Temple   | Became a worshipper of Warmaster Okawaru
  4829 | D:6      | Slain by an orc warrior

Skill      XL: |  1  2  3  4  5  6  7  8 |
---------------+-------------------------+-----
Dodging        | 1 2 3 |  3.1
Shields        | 4 5 |  5.4
Armour         | 4 5 6 |  6.7
Fighting       | 4 5 |  5.3
Axes           | 3 4 |  4.2

Action                   |  1- 3 |  4- 6 |  7- 9 || total
-------------------------+-------+-------+-------++-------
Melee: War axe           |   117 |   193 |    29 ||   339
       Hand axe          |       |       |   150 ||   150
 Abil: Dig               |       |       |     2 ||     2
  Use: Potion            |       |     1 |     5 ||     6
  Eat: Chunk             |     1 |     7 |     5 ||    13
Armor: Chain mail        |    13 |       |       ||    13
       Scale mail        |     2 |       |       ||     2
       Plate armour      |    63 |   143 |    63 ||   269
Dodge: Dodged            |    27 |    38 |    38 ||   103
Block: Shield            |    66 |   121 |    85 ||   272
